[Event "FIDE WCCC Open-10 2024"]
[Site "Montesilvano"]
[Date "2024.11.18"]
[Round "4.45"]
[White "Zilincan, Tomas"]
[Black "Czech, Emil"]
[Result "0-1"]
[ECO "D02"]
[WhiteElo "1778"]
[BlackElo "1608"]
[Annotator "NA RC"]
[PlyCount "50"]
[EventDate "2024.11.18"]
[EventType "swiss"]
[EventCountry "ITA"]
[SourceTitle "playchess.com"]
[Source "ChessBase"]
[SourceQuality "1"]
[TimeControl "5400+30"]

1. Nf3 d5 2. d4 Nf6 3. Bf4 c5 4. e3 Nc6 5. c3 e6 6. Bd3 Bd7 7. O-O Nh5 8. Bg5 f6 9. Ne5 Nxe5 10. dxe5 g6 11. Bh4 Be7 12. exf6 Bxf6 13. Bg3 Qb6 14. Nd2 c4 15. Be2 Nxg3 16. hxg3 Rd8 17. Qc2 O-O 18. Rad1 Qc5 19. e4 Be5 20. exd5 exd5 21. g4 Bb8 22. Nf3 Bxg4 23. Nd4 Qd6 24. g3 Bh3 25. Rfe1 Rxf2 0-1

[Event "FIDE WCCC Open-10 2024"]
[Site "Montesilvano"]
[Date "2024.11.18"]
[Round "4.46"]
[White "Roth, Elai"]
[Black "Zhou, Martin"]
[Result "1/2-1/2"]
[ECO "B22"]
[WhiteElo "1577"]
[BlackElo "1776"]
[Annotator "NA RC"]
[PlyCount "153"]
[EventDate "2024.11.18"]
[EventType "swiss"]
[EventCountry "ITA"]
[SourceTitle "playchess.com"]
[Source "ChessBase"]
[SourceQuality "1"]
[TimeControl "5400+30"]

1. e4 c5 2. c3 d5 3. exd5 Nf6 4. Bb5+ Nbd7 5. d4 Qb6 6. Bc4 cxd4 7. Qxd4 Qxd4 8. cxd4 Nb6 9. Bb3 Nbxd5 10. Nc3 e6 11. Nge2 Be7 12. Nxd5 Nxd5 13. O-O Bf6 14. Ba4+ Ke7 15. Bd2 b6 16. Bc6 Rb8 17. b4 Bd7 18. Bxd7 Kxd7 19. b5 Rhc8 20. Rfc1 Be7 21. a4 Bb4 22. Bxb4 Nxb4 23. Nf4 Nc2 24. Ra2 Nxd4 25. Rd1 Ke8 26. Nh5 Kf8 27. Rad2 Nb3 28. Rd7 Nc5 29. Rxa7 Ra8 30. Rxa8 Rxa8 31. Rd6 Nxa4 32. h3 Ra5 33. Rd8+ Ke7 34. Rb8 g6 35. Rb7+ Kd6 36. Nf6 Rxb5 37. Nxh7 Rb1+ 38. Kh2 f5 39. Ra7 b5 40. Ng5 Nc5 41. Nf3 b4 42. Nd2 b3 43. Ra8 Rd1 44. Nc4+ Kc6 45. Nb2 Rd2 46. Nc4 Rc2 47. Ne5+ Kd5 48. Nf3 Kc4 49. Rb8 b2 50. h4 Nb3 51. Rc8+ Kb4 52. Rb8+ Kc4 53. Rc8+ Kd5 54. Rd8+ Kc6 55. Rc8+ Kb7 56. Rxc2 b1=Q 57. Re2 Qd3 58. Rxe6 Nd4 59. Re7+ Ka6 60. Ne5 Qa3 61. Rd7 Qc5 62. Nd3 Qc3 63. Nf4 Qc6 64. Rxd4 Qf6 65. Ra4+ Kb5 66. Rb4+ Ka6 67. Ra4+ Kb5 68. Rb4+ Ka5 69. g3 Qd6 70. Rb2 Qd4 71. Ra2+ Kb4 72. Nxg6 Qc4 73. Rd2 Qc3 74. Rd5 Qc6 75. Nf4 Qc2 76. Kg1 Qc1+ 77. Kg2 1/2-1/2

[Event "FIDE WCCC Open-10 2024"]
[Site "Montesilvano"]
[Date "2024.11.18"]
[Round "4.47"]
[White "Todmunkh, Turbat"]
[Black "Wang, Yuwei"]
[Result "1-0"]
[ECO "B22"]
[WhiteElo "1773"]
[BlackElo "1576"]
[Annotator "NA RC"]
[PlyCount "50"]
[EventDate "2024.11.18"]
[EventType "swiss"]
[EventCountry "ITA"]
[SourceTitle "playchess.com"]
[Source "ChessBase"]
[SourceQuality "1"]
[TimeControl "5400+30"]

1. e4 c5 2. c3 d5 3. exd5 Qxd5 4. d4 cxd4 5. cxd4 Nc6 6. Nf3 Bg4 7. Be2 e6 8. Nc3 Bb4 9. O-O Qa5 10. Bd2 Nf6 11. a3 Bxc3 12. bxc3 Ne4 13. Qc2 Nxd2 14. Qxd2 Rd8 15. Qf4 Bxf3 16. Qxf3 O-O 17. Rfd1 Rd5 18. Bd3 Rc8 19. Rab1 b6 20. Bc4 Rf5 21. Qe4 Nd8 22. d5 Qc5 23. dxe6 Qxf2+ 24. Kh1 Qf4 25. e7 Ne6 1-0

[Event "FIDE WCCC Open-10 2024"]
[Site "Montesilvano"]
[Date "2024.11.18"]
[Round "4.48"]
[White "Fattori Dittmar, Luca"]
[Black "Button-Rabl, Jiban"]
[Result "1/2-1/2"]
[ECO "C65"]
[WhiteElo "1766"]
[BlackElo "1435"]
[Annotator "NA RC"]
[PlyCount "79"]
[EventDate "2024.11.18"]
[EventType "swiss"]
[EventCountry "ITA"]
[SourceTitle "playchess.com"]
[Source "ChessBase"]
[SourceQuality "1"]
[TimeControl "5400+30"]

1. e4 e5 2. Nf3 Nc6 3. Bb5 Nf6 4. Qe2 Bc5 5. O-O d6 6. c3 O-O 7. a4 a6 8. Bxc6 bxc6 9. d3 h6 10. Be3 Ba7 11. Nbd2 Re8 12. Bxa7 Rxa7 13. Nc4 a5 14. Rfe1 Bg4 15. h3 Bh5 16. Qe3 c5 17. Nh2 Nd7 18. Nf1 Nb6 19. Nxb6 cxb6 20. Ng3 Bg6 21. d4 f6 22. Rad1 Rd7 23. Qf3 Qc8 24. Qg4 Kh7 25. dxc5 bxc5 26. h4 Bf7 27. Nf5 Be6 28. h5 Bxf5 29. Qxf5+ Kh8 30. Re3 Red8 31. Red3 Qc6 32. Qe6 Qxa4 33. Rxd6 Rxd6 34. Rxd6 Rxd6 35. Qxd6 Qxe4 36. Qxc5 Qb1+ 37. Kh2 Qxb2 38. Qc8+ Kh7 39. Qf5+ Kh8 40. Qc8+ 1/2-1/2